AoeStats
← 念

Pilgrims

510103033Analyzed
4v4 RM · 4d ago on Sep 29, 2026· 30m 29s· 8 players
Game mode
Random Map
Map size
Large (8 player)
Population
200
Speed
Normal
Resources
Standard
Victory
Conquest
Starting age
Dark Age
Ending age
Imperial Age
RankedLock teamsTeams togetherTeam positionsShared explorationLock speedFull tech treeHidden civsTurbo modeCheats
Victory
Defeat
🇨🇳 Italians · China
1249
+16
🇹🇼 Varangians · Taiwan
1233
+17
🇮🇳 Mongols · India
1225
+17
🇨🇴 Vikings · Colombia
1207
+18
🇻🇳 Vietnamese · Vietnam
1329
-20
🇻🇳 Dravidians · Vietnam
1282
-18
🇻🇳 Danes · Vietnam
1276
-18
🇻🇳 Spanish · Vietnam
1116
-12
Dr. Consuegra
9:57 Feudal Age
8:48 Loom
10:44 Town Watch
14:32 Double-Bit Axe
16:57 Horse Collar
17:17 Fletching
22:08 Castle Age
23:04 Bow Saw
23:10 Medium Warships
23:52 Bodkin Arrow
26:59 Clinker Construction
27:03 Careening
29:14 Fishing Lines
30:21 Ballistics
GYLi
10:59 Feudal Age
14:32 Castle Age
12:53 Double-Bit Axe
13:55 Fletching
16:12 Bodkin Arrow
19:04 Ballistics
18:56 Careening
25:11 Clinker Construction
33:36 Imperial Age
念
5:03 Loom
12:52 Feudal Age
13:47 Town Watch
16:56 Fishing Lines
22:51 Castle Age
22:57 Castle Age
21:05 Double-Bit Axe
21:02 Horse Collar
21:13 Gold Mining
21:14 Stone Mining
22:38 Fletching
23:53 Bow Saw
23:59 Bodkin Arrow
26:01 Gillnets
29:43 Wheelbarrow
moneyfusion06
7:25 Loom
11:42 Feudal Age
17:57 Castle Age
17:44 Double-Bit Axe
17:52 Stone Mining
18:15 Fletching
20:33 Bodkin Arrow
22:38 Padded Archer Armor
28:36 Leather Archer Armor
32:08 Imperial Age
30:14 Wheelbarrow
NPChinh
7:18 Loom
9:45 Feudal Age
11:23 Wheelbarrow
10:41 Double-Bit Axe
12:04 Town Watch
14:29 Fishing Lines
15:31 Fletching
15:42 Padded Archer Armor
17:51 Padded Archer Armor
24:34 Castle Age
25:31 Gillnets
25:54 Medium Warships
26:24 Bodkin Arrow
26:52 Bow Saw
29:13 Leather Archer Armor
kw3dsky
13:14 Loom
15:46 Feudal Age
28:46 Double-Bit Axe
Tin's
5:40 Loom
11:21 Feudal Age
20:51 Castle Age
18:46 Fletching
19:39 Double-Bit Axe
20:46 Gold Mining
21:54 Medium Warships
21:58 Bow Saw
25:31 Clinker Construction
26:35 Demolition Ship
28:13 Wheelbarrow
danganharmy
12:13 Feudal Age
15:09 Double-Bit Axe
15:18 Gold Mining
15:14 Fishing Lines
18:09 Castle Age
16:32 Stone Mining
16:24 Horse Collar
19:13 Bow Saw
22:54 Forging
22:45 Scale Mail Armor
22:54 Heavy Plow
23:14 Squires
26:28 Fletching
26:41 Padded Archer Armor
27:32 Stone Shaft Mining
26:49 Loom
28:51 Wheelbarrow
29:32 Hand Cart
Connection lost

Rejoining the realm…

Still unreachable

The connection could not be restored.

Session expired

The server has moved on; the page needs a fresh start.